 Dungeon Crawl Stone Soup version 0.28.0-47-ge53b351184 (webtiles) character file.

Game seed: 7305210099906622714

3145 Exodus22XD the Cleaver (level 9, 0/79 HPs)
             Began as a Minotaur Fighter on May 7, 2022.
             Was an Initiate of Hepliaklqana.
             Slain by an acid dragon (12 damage)
             ... on level 8 of the Dungeon.
             The game lasted 00:04:56 (6943 turns).

Exodus22XD the Cleaver (Minotaur Fighter)           Turns: 6943, Time: 00:04:56

Health: 0/79       AC:  1    Str: 32    XL:     9   Next: 62%
Magic:  8/8        EV:  7    Int:  5    God:    Hepliaklqana [......]
Gold:   289        SH:  5    Dex:  9    Spells: 8/8 levels left

rFire   . . .      SeeInvis .   a - +0 war axe
rCold   . . .      Faith    .   c - +0 buckler
rNeg    . . .      Spirit   .   f - +0 plate armour
rPois   .          Reflect  .   (helmet restricted)
rElec   .          Harm     .   (no cloak)
rCorr   +          Rampage  .   (no gloves)
Will    .....                   (no boots)
Stlth   ..........              (no amulet)
HPRegen 0.23/turn               j - ring of resist corrosion
MPRegen 0.11/turn               o - +6 ring of strength

@: marked, corroded
A: horns 2, retaliatory headbutt
a: Renounce Religion


You were on level 8 of the Dungeon.
You worshipped Hepliaklqana.
Hepliaklqana was noncommittal.
You visited 2 branches of the dungeon, and saw 9 of its levels.

You collected 289 gold pieces.

Inventory:

Hand Weapons
 a - a +0 war axe (weapon)
 G - a +2 whip of flaming
Armour
 b - a +0 scale mail
 c - a +0 buckler (worn)
 f - a +0 plate armour (worn)
Jewellery
 j - a ring of resist corrosion (left hand)
 o - a +6 ring of strength (right hand)
 u - a ring of willpower
 y - a +4 ring of slaying
 F - the amulet of Res Nullius {Reflect Will+ Regen+ Slay+3 SH+5}
   (You found it on level 7 of the Dungeon)

   [amulet of reflection]

   It reflects blocked missile attacks.
   Slay:      It affects your accuracy & damage with ranged weapons and melee
   (+3).
   Regen:     It increases your rate of health regeneration.
   SH:        It affects your SH (+5).
   Will:      It increases your willpower.
Wands
 x - a wand of flame (20)
 z - a wand of charming (10)
Scrolls
 e - 4 scrolls of identify {unknown}
 g - 5 scrolls of torment {unknown}
 h - a scroll of summoning {unknown}
 k - 2 scrolls of magic mapping {unknown}
 m - 2 scrolls of immolation {unknown}
 n - 2 scrolls of noise {unknown}
 q - a scroll of teleportation {unknown}
 v - a scroll of fear {unknown}
 w - a scroll of enchant armour {unknown}
 E - a scroll of blinking {unknown}
Potions
 d - a potion of might
 i - 2 potions of haste {unknown}
 l - 3 potions of curing {unknown}
 p - a potion of degeneration {unknown}
 r - 2 potions of ambrosia {unknown}
 s - a potion of resistance {unknown}
 t - a potion of invisibility {unknown}
 A - a potion of attraction {unknown}
 B - a potion of brilliance {unknown}
 C - a potion of mutation {unknown}
 D - a potion of heal wounds {unknown}


   Skills:
 + Level 7.5 Fighting
 + Level 11.4 Axes
 + Level 8.7 Armour
 + Level 6.6 Shields


You had 8 spell levels left.
You didn't know any spells.
Your spell library contained the following spells:

 Spells                   Type           Power      Damage    Failure   Level
 Freeze                   Ice            0%         1d3       99%         1
 Summon Small Mammal      Summ           0%         N/A       99%         1
 Call Canine Familiar     Summ           0%         N/A       100%        3
 Frozen Ramparts          Ice            0%         1d2       100%        3
 Summon Guardian Golem    Hex/Summ       0%         N/A       100%        3
 Hailstorm                Conj/Ice       0%         3d3       100%        4


Dungeon Overview and Level Annotations

Branches:
Dungeon (8/15)             Temple (1/1) D:6
   Lair: D:8-11

Altars:
Ashenzari
Cheibriados
Dithmenos
Elyvilon
Fedhas
Gozag
Hepliaklqana
Kikubaaqudgha
Makhleb
Nemelex Xobeh
Okawaru
Qazlal
Ru
Sif Muna
Trog
Uskayaw
Vehumet
Wu Jian
Xom
Yredelemnul
Zin
The Shining One


Innate Abilities, Weirdness & Mutations

You have a pair of horns on your head.
You reflexively headbutt those who attack you in melee.


Message History

The acid dragon bites you. You block the acid dragon's attack.
You hit the acid dragon but do no damage.
The acid dragon is severely wounded.
You block the acid dragon's attack. The acid dragon claws you.
An acid dragon is nearby!
You hit the acid dragon.
You headbutt the acid dragon, but do no damage.
The acid dragon is severely wounded.
The acid dragon bites you. You block the acid dragon's attack.
An acid dragon is nearby!
You slash the acid dragon!
The acid dragon is almost dead.
The acid dragon bites you but does no damage.
The acid dragon claws you.
You hit the acid dragon but do no damage.
The acid dragon is almost dead.
The acid dragon bites you. The acid dragon claws you.
An acid dragon is nearby!
You hit the acid dragon.
You kill the acid dragon!
No target in view!
An acid dragon comes into view.
The acid dragon spits acid at you. The splash of acid hits you! You resist.
An acid dragon is nearby!
You are too injured to fight recklessly!
Okay, then.
You barely miss the acid dragon. The acid dragon bites you.
The acid dragon claws you but does no damage.
You hit the acid dragon but do no damage.
The acid dragon spits acid at you. The splash of acid hits you! You resist.
* * * LOW HITPOINT WARNING * * *
The acid corrodes you!
You barely miss the acid dragon.
You headbutt the acid dragon, but do no damage.
The acid dragon barely misses you. x2
Okay, then.
You barely miss the acid dragon. The acid dragon bites you!
You die...

####### .# ####.....####
...######## #...........##
#.........## #.............
##.......# #.............
##........####.............
#.............##...........#
...........D##.............#
...........@#####...........
..#..........# ###.........
≈ #..........# ####...###
#...........# ##..#
.............# #..#
.............# ###..### ..#
............# ###......# ..#
...........# ###.....[#..
..## #.......####


You could see an acid dragon (catching breath).

Vanquished Creatures
  Pikel (D:8)
  Joseph (D:7)
  3 humans (D:7)
  A steam dragon (D:6)
  An acid dragon (D:8)
  A water moccasin (D:5)
  2 sky beasts
  A black bear (D:6)
  2 ogres
  2 centaurs
  A phantom (D:6)
  A lemure (D:8)
  2 bullfrogs
  2 scorpions
  A water moccasin zombie (D:5)
  A bullfrog zombie (D:7)
  A centaur zombie (D:5)
  A hound (D:2)
  3 jellies (D:6)
  3 centaur skeletons
  5 iguanas
  2 orc wizards
  A killer bee zombie (D:8)
  3 adders
  A white imp (D:5)
  An ufetubus (D:5)
  An adder skeleton (D:4)
  A worm (D:2)
  4 dart slugs
  19 orcs
  5 ball pythons
  A bat (D:1)
  5 endoplasms
  2 giant cockroaches
  6 goblins
  7 hobgoblins
  10 jackals
  3 quokkas
  4 frilled lizards
  6 kobolds
  4 rats
122 creatures vanquished.

Notes
Turn   | Place    | Note
-------+----------+-------------------------------------------
     0 | D:1      | Exodus22XD the Minotaur Fighter began the quest for the
                  | Orb.
     0 | D:1      | Reached XP level 1. HP: 19/19 MP: 0/0
   244 | D:1      | Reached XP level 2. HP: 27/27 MP: 1/1
   640 | D:2      | Reached XP level 3. HP: 27/33 MP: 2/2
   823 | D:2      | Reached skill level 3 in Axes
   868 | D:2      | Found a faded altar of an unknown god.
  1127 | D:2      | Reached XP level 4. HP: 32/41 MP: 3/3
  1692 | D:3      | Reached skill level 4 in Axes
  1692 | D:3      | Reached XP level 5. HP: 30/47 MP: 4/4
  2590 | D:4      | Reached skill level 5 in Armour
  3469 | D:5      | Entered Level 5 of the Dungeon
  3482 | D:5      | Noticed a centaur
  3489 | D:5      | Killed a centaur
  3490 | D:5      | Reached skill level 5 in Axes
  3490 | D:5      | Reached XP level 6. HP: 45/55 MP: 5/5
  3591 | D:5      | Reached skill level 5 in Fighting
  3761 | D:5      | Reached skill level 6 in Axes
  3761 | D:5      | Reached XP level 7. HP: 57/61 MP: 6/6
  4049 | D:5      | Reached skill level 7 in Axes
  4346 | D:5      | Found an opulent altar of Gozag.
  4355 | D:5      | Reached skill level 5 in Shields
  4885 | D:6      | Reached skill level 8 in Axes
  4885 | D:6      | Reached XP level 8. HP: 69/70 MP: 7/7
  5226 | D:6      | Found a staircase to the Ecumenical Temple.
  5232 | Temple   | Entered the Ecumenical Temple
  5560 | Temple   | Became a worshipper of Hepliaklqana the Forgotten
  5684 | D:6      | Reached skill level 9 in Axes
  6044 | D:7      | Noticed Joseph
  6057 | D:7      | Killed Joseph
  6058 | D:7      | Reached skill level 10 in Axes
  6058 | D:7      | Reached XP level 9. HP: 30/78 MP: 8/8
  6522 | D:7      | Identified the amulet of Res Nullius {Reflect Will+ Regen+
                  | Slay+3 SH+5}
  6679 | D:8      | Noticed Pikel
  6705 | D:8      | Killed Pikel
  6706 | D:8      | Reached skill level 11 in Axes
  6943 | D:8      | Slain by an acid dragon

Illustrated notes

Levels and vault maps discovered:
D:1:      eino_arrival_cavern_b, layout_loops_ring
D:2:      layout_basic, hellmonk_ecumenical_altar_run_dry
D:3:      layout_basic
D:4:      layout_basic
D:5:      layout_basic, kennysheep_little_box, minivault_11
D:6:      layout_loops_corners, temple_statues
D:7:      layout_basic, minmay_ruffians, uniq_joseph
D:8:      layout_cave_pods, chequers_serial_rivers_micro_b, amethyst_killhole,
          uniq_pikel
Temple:   mainiacjoe_temple_circle_huts

Skill      XL: |  1  2  3  4  5  6  7  8  9 |
---------------+----------------------------+-----
Armour         | 4 5 6 8 |  8.7
Fighting       | 4 5 6 7 |  7.5
Shields        | 4 5 6 |  6.6
Axes           | 3 4 5 6 8 10 11 | 11.4

Action                   |  1- 3 |  4- 6 |  7- 9 || total
-------------------------+-------+-------+-------++-------
Melee: War axe           |    56 |   134 |   163 ||   353
       Headbutt          |    13 |    20 |    26 ||    59
  Use: Potion            |       |       |     1 ||     1
Armor: Scale mail        |     7 |       |       ||     7
       Plate armour      |    27 |    80 |   105 ||   212
Dodge: Dodged            |    18 |    36 |    49 ||   103
Block: Buckler           |    17 |    21 |    45 ||    83
